 Dungeon Crawl Stone Soup version 0.29.0-13-gc9e81de378 (webtiles) character file.

Game seed: 17111546931919140104

11666 ragingrage the Arsonist (level 11, -6/78 HPs)
             Began as an Octopode Cinder Acolyte on Sept 7, 2022.
             Was a High Priest of Ignis.
             Mangled by an eight-headed hydra (11 damage)
             ... on level 11 of the Dungeon.
             The game lasted 00:20:03 (18173 turns).

ragingrage the Arsonist (Octopode Cinder Acolyte)  Turns: 18173, Time: 00:20:04

Health: -6/78      AC:  1    Str: 16    XL:     11   Next: 81%
Magic:  33/41      EV: 14    Int: 21    God:    Ignis [*****.]
Gold:   1008       SH:  0    Dex:  7    Spells: 11/26 levels left

rFire   + + .      SeeInvis +   a - staff of poison
rCold   . . .      Faith    .   (no shield)
rNeg    . . .      Spirit   .   (helmet restricted)
rPois   +          Reflect  .   (no amulet)
rElec   +          Harm     .   q - ring "Cesank" {Contam rElec Str+2 SInv}
rCorr   .          Rampage  .   j - ring of protection from fire
Will    .....                   D - ring of magical power
Stlth   ++........              L - ring of magical power
HPRegen 0.23/turn               (no ring)
MPRegen 0.27/turn               (no ring)
                                (no ring)
                                (no ring)

@: no status effects
A: almost no armour, amphibious, 8 rings, camouflage 1, gelatinous body 1,
(nimble swimmer 1), tentacles
a: Renounce Religion, Fiery Armour, Foxfire Swarm, Rising Flame


You were on level 11 of the Dungeon.
You worshipped Ignis.
Ignis was extremely pleased with you.
You visited 1 branch of the dungeon, and saw 11 of its levels.

You collected 1008 gold pieces.

Inventory:

Hand Weapons
 b - a +2 spear of venom
 K - a +4 vorpal spear
Missiles
 s - 7 curare-tipped darts
 t - 28 poisoned darts
 J - a throwing net
Magical Staves
 a - a staff of poison (weapon)
Jewellery
 j - a ring of protection from fire (right tentacle)
 q - the ring "Cesank" (left tentacle) {Contam rElec Str+2 SInv}
   (You found it on level 3 of the Dungeon)

   [ring of see invisible]

   Str:       It affects your strength (+2).
   rElec:     It insulates you from electricity.
   SInv:      It lets you see invisible.
   Contam:    It causes magical contamination when unequipped.
 D - a ring of magical power (on tentacle)
 L - a ring of magical power (on tentacle)
 S - a ring of ice
Wands
 r - a wand of polymorph (7)
 y - a wand of mindburst (12)
 B - a wand of flame (29)
 G - a wand of charming (16)
 I - a wand of quicksilver (9)
 O - a wand of roots (3)
Scrolls
 d - 2 scrolls of teleportation
 e - 2 scrolls of immolation
 i - 2 scrolls of torment {unknown}
 m - 3 scrolls of noise {unknown}
 p - 15 scrolls of identify {unknown}
 u - 4 scrolls of enchant weapon {unknown}
 v - 2 scrolls of enchant armour {unknown}
 z - 4 scrolls of poison {unknown}
 C - a scroll of magic mapping {unknown}
 E - 2 scrolls of butterflies {unknown}
 M - a scroll of blinking {unknown}
 N - a scroll of amnesia {unknown}
 P - 2 scrolls of fear {unknown}
 R - a scroll of summoning {unknown}
Potions
 c - a potion of invisibility {unknown}
 f - 4 potions of brilliance {unknown}
 g - 4 potions of might {unknown}
 h - 4 potions of heal wounds {unknown}
 k - a potion of cancellation {unknown}
 l - 3 potions of flight {unknown}
 n - 7 potions of curing {unknown}
 o - 2 potions of attraction {unknown}
 w - a potion of mutation {unknown}
 x - 3 potions of haste
 A - a potion of berserk rage {unknown}
 F - a potion of resistance {unknown}
 H - 2 potions of ambrosia {unknown}


   Skills:
 + Level 8.4 Fighting
 - Level 3.0 Polearms
 + Level 7.7 Dodging
 - Level 8.0 Spellcasting
 + Level 4.2 Transmutations
 + Level 9.2 Fire Magic
 - Level 2.0 Air Magic
 + Level 8.2 Poison Magic


You had 11 spell levels left.
You knew the following spells:

 Your Spells              Type           Power      Damage    Failure   Level
a - Scorch                Fire           94%        2d10      1%          2
b - Poisonous Vapours     Pois/Air       88%        N/A       1%          2
c - Ignite Poison         Fire/Tmut/Pois 55%        N/A       1%          3
d - Olgreb's Toxic Radia  Pois           59%        N/A       2%          4
e - Sticky Flame          Conj/Fire      27%        2d5       12%         4

Your spell library contained the following spells:

 Spells                   Type           Power      Damage    Failure   Level
 Beastly Appendage        Tmut           52%        N/A       1%          1
 Sting                    Tmut/Pois      100%       1d8       1%          1
 Wereblood                Tmut           26%        N/A       1%          2
 Spider Form              Tmut/Pois      51%        N/A       1%          3
 Conjure Flame            Conj/Fire      27%        6-21      3%          3
 Inner Flame              Hex/Fire       27%        N/A       3%          3
 Shock                    Conj/Air       48%        1d6       5%          1
 Sublimation of Blood     Necr           8%         N/A       12%         2
 Cause Fear               Hex            4%         N/A       61%         4
 Irradiate                Conj/Tmut      8%         3d14      67%         5
 Silence                  Hex/Air        6%         N/A       82%         5
 Summon Hydra             Summ           4%         N/A       100%        7
 Discord                  Hex            4%         N/A       100%        8


Dungeon Overview and Level Annotations

Branches:
Dungeon (11/15)            Temple (0/1) D:4            Lair (0/5) D:10
    Orc (0/2) D:9

Altars:
Ashenzari
Fedhas
Hepliaklqana
Nemelex Xobeh
Okawaru
Qazlal
Trog

Shops:
D:10 *

Annotations:
D:2 exclusion: downstairs
D:7 exclusion: 2 downstairs
D:9 1 runed translucent door, exclusion: downstairs, purpskrrrp's ghost, novice HOFi
D:10 exclusion: downstairs


Innate Abilities, Weirdness & Mutations

You cannot wear most types of armour.
You are amphibious.
You can wear up to eight rings at the same time.
Your skin changes colour to match your surroundings (Stealth+).
Your rubbery body absorbs attacks. (AC +1, EV +1)
((You are camouflaged when in or above water. (Stealth+)))
You have tentacles for arms and can constrict up to eight enemies at once.


Message History

Aim: an eight-headed hydra The roots erupt in riotous growth!
Roots grab the eight-headed hydra.
The grasping roots constrict the eight-headed hydra.
The eight-headed hydra struggles to escape constriction.
Unknown command.
Casting: Olgreb's Toxic Radiance (dangerous; 2% risk of failure)
Confirm with . or Enter, or press ? or * to list all spells.
Flames lash the eight-headed hydra.
The eight-headed hydra is lightly wounded.
The eight-headed hydra's fire resistance burns away.
The grasping roots constrict the eight-headed hydra.
The roots release their grip on the eight-headed hydra.
Casting: Scorch (safe; 1% risk of failure)
Confirm with . or Enter, or press ? or * to list all spells.
Flames lash the eight-headed hydra.
The eight-headed hydra is burned terribly!
The eight-headed hydra is heavily wounded.
Casting: Scorch (safe; 1% risk of failure)
Confirm with . or Enter, or press ? or * to list all spells.
Flames lash the eight-headed hydra.
The eight-headed hydra is burned terribly!
The eight-headed hydra is severely wounded.
The eight-headed hydra bites you. The eight-headed hydra bites you!
The eight-headed hydra misses you. The eight-headed hydra bites you!
The eight-headed hydra closely misses you.
The eight-headed hydra bites you!
The eight-headed hydra barely misses you.
The eight-headed hydra bites you!
Casting: Scorch (safe; 1% risk of failure)
Confirm with . or Enter, or press ? or * to list all spells.
Flames lash the eight-headed hydra.
The eight-headed hydra is burned terribly!
The eight-headed hydra is severely wounded.
The eight-headed hydra misses you. The eight-headed hydra bites you!
* * * LOW HITPOINT WARNING * * *
The eight-headed hydra bites you!
* * * LOW HITPOINT WARNING * * *
The eight-headed hydra bites you!
You die...

# .### ## ....###.#
........## .........#
.........# ........##
#### ...#...## ##.@##
.. #..##### #..D.#
..##.....D## #....#
.##.....#..###÷÷..####
.###........##÷......#
<.......[....÷......♣P#
..............##...♣♣
..............###.....
.............#.# ...PP#


You could see an eight-headed hydra (combustible).

Vanquished Creatures
  Fannar (D:10)
  A sixfirhy (D:11)
  An ugly thing (D:11)
  A smoke demon (D:11)
  2 unseen horrors
  A kobold demonologist (D:10)
  2 trolls
  3 shadows
  A vampire (D:9)
  12 yaks
  4 wyverns
  A basilisk (D:11)
  A steam dragon (D:7)
  A vampire mosquito (D:11)
  A chaos spawn (D:11)
  2 acid dragons
  A water moccasin (D:10)
  6 orc warriors
  2 swamp drakes
  5 black bears
  An ice beast (D:7)
  An ogre (D:9)
  6 centaurs
  2 gnoll sergeants
  6 kobold brigands
  5 bullfrogs
  6 scorpions
  3 necrophages
  4 wights (D:6)
  An electric eel (D:10)
  2 howler monkeys
  2 quasits (D:11)
  9 hounds
  2 jellies
  8 orc priests
  3 iguanas
  Ijyb (D:4)
  9 orc wizards
  4 adders
  15 gnolls
  A shadow imp (D:6)
  2 white imps
  An ufetubus (D:6)
  2 worms
  A dart slug (D:1)
  46 orcs
  A bat (D:1)
  9 endoplasms
  A giant cockroach (D:2)
  7 goblins
  8 hobgoblins
  4 jackals (D:2)
  4 quokkas
  2 ball pythons
  4 frilled lizards
  13 kobolds
  6 rats
251 creatures vanquished.

Vanquished Creatures (others)
  A kobold (D:3)
  A demonic plant (D:11)
  31 fungi (D:10)
  32 plants (D:10)
65 creatures vanquished.

Grand Total: 316 creatures vanquished

Notes
Turn   | Place    | Note
-------+----------+-------------------------------------------
     0 | D:1      | ragingrage the Octopode Cinder Acolyte began the quest for
                  | the Orb.
     0 | D:1      | Reached XP level 1. HP: 16/16 MP: 2/2
   341 | D:1      | Reached XP level 2. HP: 19/21 MP: 4/4
   344 | D:1      | Learned a level 2 spell: Scorch
   561 | D:1      | Found a faded altar of an unknown god.
  1349 | D:2      | Reached XP level 3. HP: 26/26 MP: 2/5
  1968 | D:2      | Identified the +1 pair of boots of the Gloaming {SInv}
  2204 | D:3      | Identified the ring "Cesank" {Contam rElec Str+2 SInv}
  2422 | D:3      | Found a hazy altar of Hepliaklqana.
  2687 | D:3      | Reached skill level 4 in Fire Magic
  2687 | D:3      | Reached XP level 4. HP: 31/31 MP: 2/7
  2912 | D:3      | Reached XP level 5. HP: 36/36 MP: 1/9
  4246 | D:4      | Reached skill level 5 in Fire Magic
  4246 | D:4      | Reached XP level 6. HP: 39/42 MP: 2/11
  4365 | D:4      | Learned a level 2 spell: Poisonous Vapours
  4556 | D:4      | Noticed Ijyb
  4585 | D:4      | Killed Ijyb
  4802 | D:4      | Found a staircase to the Ecumenical Temple.
  4938 | D:4      | Reached skill level 1 in Poison Magic
  5178 | D:4      | Reached XP level 7. HP: 46/46 MP: 10/13
  5766 | D:5      | Entered Level 5 of the Dungeon
  5773 | D:5      | Noticed Sigmund
  5778 | D:5      | Noticed Sigmund
  5778 | D:5      | Sigmund changed into Sigmund the swamp drake
  5890 | D:5      | Killed Sigmund the swamp drake
  5966 | D:5      | Found a broken altar of Ashenzari.
  6068 | D:5      | Reached skill level 6 in Fire Magic
  6274 | D:5      | Reached skill level 5 in Spellcasting
  6274 | D:5      | Reached XP level 8. HP: 52/52 MP: 6/15
  6660 | D:5      | Reached skill level 1 in Air Magic
  7709 | D:6      | Reached skill level 7 in Fire Magic
  7709 | D:6      | Reached skill level 5 in Poison Magic
  8454 | D:6      | Reached skill level 1 in Dodging
  8851 | D:7      | Reached XP level 9. HP: 43/57 MP: 4/17
  8976 | D:7      | Reached skill level 8 in Fire Magic
  9119 | D:7      | Noticed a troll
 10349 | D:7      | Killed a troll
 11097 | D:7      | Reached skill level 5 in Fighting
 12150 | D:8      | Got the Folio of Stormy Reformation
 12200 | D:8      | Reached XP level 10. HP: 45/68 MP: 10/20
 12528 | D:8      | Reached skill level 5 in Dodging
 13669 | D:9      | Learned a level 3 spell: Ignite Poison
 13823 | D:9      | Found a runed translucent door.
 13823 | D:9      | Noticed purpskrrrp's ghost (novice HOFi)
 13895 | D:9      | Learned a level 4 spell: Olgreb's Toxic Radiance
 14644 | D:9      | Found a blossoming altar of Fedhas.
 14644 | D:9      | Found an iron altar of Okawaru.
 14682 | D:9      | Found a faded altar of an unknown god.
 14688 | D:9      | Learned a level 4 spell: Sticky Flame
 14689 | D:9      | Found a bloodstained altar of Trog.
 14691 | D:9      | Found a faded altar of an unknown god.
 14737 | D:9      | Found a stormy altar of Qazlal.
 15144 | D:9      | Found a staircase to the Orcish Mines.
 15473 | D:10     | Entered Level 10 of the Dungeon
 15534 | D:10     | Reached skill level 1 in Transmutations
 15712 | D:10     | Noticed a kobold demonologist
 15713 | D:10     | Reached XP level 11. HP: 69/75 MP: 20/23
 15935 | D:10     | Found a staircase to the Lair.
 16144 | D:10     | Found a sparkling altar of Nemelex Xobeh.
 16441 | D:10     | Found Gopeq's Lightly-Used Armoury.
 16890 | D:10     | Noticed Fannar
 16893 | D:10     | Killed Fannar
 17035 | D:11     | Noticed a sixfirhy
 17038 | D:11     | Killed a sixfirhy
 17468 | D:11     | Reached skill level 9 in Fire Magic
 17751 | D:11     | Noticed a brown ugly thing
 17757 | D:11     | Killed a brown ugly thing
 18048 | D:11     | Noticed an eight-headed hydra
 18173 | D:11     | Mangled by an eight-headed hydra

Illustrated notes

Levels and vault maps discovered:
D:1:      lemuel_arrival_room, layout_loops_cross,
          dreamdust_ecumenical_altar_statues
D:2:      layout_basic, kennysheep_generic_room_6
D:3:      wad_river_or_something, layout_loops_ring,
          mainiacjoe_overflow_alcove_1, lemuel_old_faithful
D:4:      layout_loops_ring, minmay_temple_entry_antechambers, uniq_ijyb
D:5:      layout_basic, lemuel_crystal_altar, chequers_jeans, uniq_sigmund
D:6:      layout_basic, uniq_eustachio
D:7:      layout_loops_corners
D:8:      layout_loops_ring, kennysheep_pointless_box, dreamdust_wishing_well
D:9:      layout_loops_ring, chequers_temple_overflow_minitemple,
          nicolae_qazlal_general_emergency, erik_orc_1,
          ebering_ghost_inner_flame
D:10:     layout_loops_ring, nemelex_diamond_rough_becter,
          due_lair_maze_entry_diamond, minmay_shop_damaged,
          minmay_crystal_water, uniq_fannar
D:11:     layout_cave_pools, serial_demonic, serial_demonic_g, serial_demonic_d,
          serial_demonic_a, serial_demonic_e, ebering_ghost_xom,
          nicolae_trove_entry_crossroad, minmay_checkerbox, uniq_sonja

Skill      XL: |  1  2  3  4  5  6  7  8  9 10 11 |
---------------+----------------------------------+-----
Spellcasting   | 2 3 4 5 6 8 |  8.0
Fire Magic     | 4 5 6 7 8 9 |  9.2
Poison Magic   | 2 4 5 6 8 |  8.2
Air Magic      | 2 |  2.0
Dodging        | 1 4 6 7 |  7.7
Fighting       | 5 7 8 |  8.4
Transmutations | 2 4 |  4.2
Polearms       | |  3.0

Action                   |  1- 3 |  4- 6 |  7- 9 | 10-12 || total
-------------------------+-------+-------+-------+-------++-------
Melee: Spear             |    34 |    30 |    14 |       ||    78
       Tentacles         |     8 |     8 |     5 |     6 ||    27
       Constrict         |     5 |     6 |     4 |     8 ||    23
       Staff             |       |       |     7 |    27 ||    34
       Punch             |       |       |       |     1 ||     1
 Cast: Scorch            |    24 |    52 |   105 |    99 ||   280
       Poisonous Vapours |       |       |   105 |    93 ||   198
       Ignite Poison     |       |       |       |    36 ||    36
       Olgreb's Toxic Ra |       |       |       |     6 ||     6
Evoke: Wand              |       |       |     1 |     8 ||     9
  Use: Scroll            |       |       |       |     1 ||     1
 Stab: Sleeping          |     1 |     1 |       |       ||     2
Armor: Skin              |     3 |       |     5 |     2 ||    10
Dodge: Dodged            |    11 |    23 |    59 |    59 ||   152
